Map: [ESL] Oceanborn

Players

Nice

  • Race: Protoss Protoss
  • Spawn Location: 5:00

GuMiho - Winner!

  • Race: Terran Terran
  • Spawn Location: 11:00

Event: ESL Spring 2024 Finals

VOD

Have the link to the VOD?

Description

Time

  • Played on: June 1, 2024, 10:08 a.m.
  • Length: 5:59

All games in this series

Show
View Real Time Build Order
Export as new Build Order

Nice Protoss 

Build Orders: Proxy Void Ray 

Get SALT Encoding   

  12  0:00  Probe  
  13  0:12  Probe  
  14  0:17  Pylon  
  14  0:24  Probe (Chrono Boost)  
  15  0:35  Gateway  
  15  0:36  Probe (Chrono Boost)  
  15  0:41  Probe (Chrono Boost)  
  16  0:45  Assimilator  
  17  0:54  Probe  
  17  0:55  Assimilator  
  18  1:06  Probe  
  19  1:18  Probe  
  20  1:24  Cybernetics Core, Zealot, Pylon  
  22  1:30  Probe  
  23  1:42  Probe  
  24  1:54  Probe  
  24  1:58  Adept (Chrono Boost)  
  24  2:00  Stargate  
  27  2:03  Shield Battery  
  27  2:05  Warp Gate  
  27  2:11  Pylon  
  27  2:21  Adept  
  29  2:29  Shield Battery  
  29  2:46  Pylon  
  29  2:47  Void Ray (Chrono Boost)  
  33  3:05  Shield Battery  
  33  3:07  Shield Battery  
  33  3:09  Shield Battery  
  37  3:22  Shield Battery  
  37  3:23  Void Ray  
  37  3:32  Shield Battery  
  37  3:42  Gateway  
  37  4:02  Stalker  
  43  4:03  Void Ray (Chrono Boost)  
  43  4:08  Pylon  
  43  4:36  Void Ray (Chrono Boost)  
  45  4:46  Adept  
  47  4:53  Shield Battery  
  47  5:01  Adept  
  53  5:12  Void Ray (Chrono Boost)  
  53  5:14  Shield Battery  
  53  5:16  Shield Battery  
  51  5:30  Shield Battery  
  51  5:31  Shield Battery  
  51  5:33  Pylon  
  51  5:52  Shield Battery  
  51  5:53  Shield Battery  
Show
View Real Time Build Order
Export as new Build Order

GuMiho Terran - Winner!

Build Orders: Cyclone Opening 

Get SALT Encoding   

  12  0:00  SCV  
  13  0:12  SCV  
  14  0:17  Supply Depot  
  14  0:24  SCV  
  15  0:38  SCV  
  15  0:40  Barracks  
  16  0:43  Refinery  
  16  0:50  SCV  
  17  1:02  SCV  
  18  1:14  SCV  
  19  1:26  Barracks Reactor  
  19  1:27  Orbital Command  
  19  1:39  Command Center  
  19  1:48  Supply Depot  
  19  1:52  SCV  
  20  2:02  Factory  
  20  2:04  SCV  
  20  2:07  Marine x2  
  23  2:16  SCV  
  24  2:25  Marine x2  
  24  2:28  SCV  
  24  2:29  Refinery  
  27  2:40  SCV  
  27  2:43  Marine x2  
  30  2:50  Cyclone  
  32  2:51  Orbital Command  
  32  2:53  SCV  
  33  3:00  Starport  
  33  3:01  Marine  
  33  3:05  Marine  
  35  3:07  SCV  
  36  3:13  Supply Depot  
  36  3:19  SCV x2  
  38  3:20  Marine  
  38  3:23  Marine  
  38  3:25  Factory Tech Lab  
  40  3:31  SCV  
  41  3:34  Supply Depot  
  40  3:42  Marine x2  
  40  3:46  Medivac  
  40  3:47  Siege Tank  
  47  3:53  SCV  
  47  3:59  Supply Depot  
  47  4:01  Marine x2  
  48  4:04  Orbital Command  
  48  4:05  SCV  
  49  4:13  Supply Depot  
  49  4:17  SCV  
  49  4:18  Viking  
  49  4:19  Siege Tank  
  49  4:24  Marine x2  
  57  4:41  Marine  
  57  4:42  Marine  
  59  4:47  SCV  
  59  4:49  Supply Depot  
  59  4:50  Supply Depot  
  59  4:54  Cyclone, Viking  
  63  5:00  Marine  
  63  5:10  Marine  
  64  5:18  Marine  
  65  5:24  Viking  
  65  5:28  Marine  
  66  5:33  Barracks  
  68  5:36  Marine  
  69  5:45  Supply Depot  
Tags
 
Add a new tag
Caveats
  • Supply blocks, unpowered buildings, or Contaminate may cause inaccurate times.
  • Supply counts are checked every 10 seconds.